 Dungeon Crawl Stone Soup version 0.22-a0-136-g83a10e5 (webtiles) character file.

7839 Alarkh the Carver (level 11, -2/60 HPs)
             Began as a Gargoyle Monk on Feb 4, 2018.
             Was a High Priest of Zin.
             Slain by a slime creature (14 damage)
             ... on level 9 of the Dungeon.
             The game lasted 00:20:51 (10420 turns).

Alarkh the Carver (Gargoyle Monk)                  Turns: 10420, Time: 00:20:52

Health: -2/60      AC: 16    Str: 15    XL:     11   Next: 21%
Magic:  18/18      EV: 17    Int: 14    God:    Zin [*****.]
Gold:   467        SH:  0    Dex: 17    Spells: 10/10 levels left

rFire    + . .     SeeInvis .   a - +5 great sword
rCold    . . .     Gourm    .   (shield currently unavailable)
rNeg     + . .     Faith    .   o - +2 leather armour {rF+}
rPois    ∞         Spirit   .   H - +0 helmet
rElec    +         Reflect  .   (no cloak)
rCorr    .         Harm     .   (no gloves)
MR       .....                  q - +1 pair of boots
Stlth    ++........             (no amulet)
HPRegen  0.20/turn              y - +5 ring of dexterity
MPRegen  0.16/turn              O - +5 ring of evasion

@: no status effects
A: negative energy resistance 1, electricity resistance, unbreathing,
petrification resistance, rot immunity, AC +8
a: Recite, Vitalisation, Imprison, Sanctuary, Donate Gold, Renounce Religion


You were on level 9 of the Dungeon.
You worshipped Zin.
Zin was extremely pleased with you.
You were hungry.

You visited 2 branches of the dungeon, and saw 11 of its levels.

You collected 605 gold pieces.
You spent 78 gold pieces at shops.
You donated 60 gold pieces to Zin.

Inventory:

Hand Weapons
 a - a +5 great sword (weapon)
 l - a +1 long sword of draining
 C - a +0 falchion
Armour
 b - a +0 robe
 o - a +2 leather armour of fire resistance (worn)
 q - a +1 pair of boots (worn)
 s - a +2 buckler
 H - a +0 helmet (worn)
Jewellery
 t - an uncursed ring of teleportation
 y - a +5 ring of dexterity (left hand)
 z - a +3 ring of intelligence
 E - an uncursed ring of resist corrosion
 N - an uncursed ring of fire
 O - a +5 ring of evasion (right hand)
Wands
 m - a wand of digging (25)
 n - a wand of polymorph (7)
 p - a wand of paralysis (2)
 D - a wand of disintegration (8)
 I - a wand of iceblast (4)
 J - a wand of acid (8)
 M - a wand of enslavement (5)
Scrolls
 d - 10 scrolls of teleportation
 e - a scroll of identify
 f - a scroll of amnesia
 g - a scroll of fog
 h - a scroll of noise
 i - a scroll of fear {unknown}
 j - 6 scrolls of remove curse
 r - a scroll of enchant armour
 v - a scroll of vulnerability {unknown}
 w - 2 scrolls of magic mapping
 G - 3 scrolls of enchant weapon {unknown}
Potions
 k - 5 potions of curing
 u - a potion of berserk rage
 A - 3 potions of might
 B - a potion of mutation
 K - a potion of invisibility
Books
 F - a book of Cantrips

   Spells                             Type                      Level
   a - Confusing Touch                Hexes                        1
   b - Animate Skeleton               Necromancy                   1
   c - Summon Small Mammal            Summoning                    1
   d - Apportation                    Translocation                1
Miscellaneous
 L - a phial of floods
Comestibles
 c - 21 rations
 x - a chunk of flesh


   Skills:
 - Level 3.2 Fighting
 * Level 13.1 Long Blades
 - Level 2.4 Dodging
 - Level 2.1 Stealth
 + Level 9.5 Invocations
 + Level 1.6 Evocations


You had 10 spell levels left.
You didn't know any spells.

Dungeon Overview and Level Annotations

Branches:
Dungeon (10/15)            Temple (1/1) D:4            Lair (0/6) D:8
    Orc: D:9-12

Altars:
Ashenzari
Cheibriados
Dithmenos
Elyvilon
Fedhas
Gozag
Hepliaklqana
Kikubaaqudgha
Makhleb
Nemelex Xobeh
Okawaru
Qazlal
Ru
Sif Muna
Trog
Uskayaw
Vehumet
Wu Jian
Xom
Yredelemnul
Zin
The Shining One

Shops:
D:5 [   D:6 *

Annotations:
D:10 varam's ghost, journeyman HOFi


Innate Abilities, Weirdness & Mutations

You are resistant to torment.
Your stone body is resilient. (AC +8)
You are immune to poison.
You resist negative energy. (rN+)
You are resistant to electric shocks. (rElec)
You can survive without breathing.
You are immune to petrification.
You are immune to rotting.


Message History

The slime creature easily resists.
The slime creature misses you.
You riposte.
You slash the slime creature!
The slime creature is lightly wounded.
Evoke which item? (* to show all) (? for menu, Esc to quit)
Aiming: Paralyse
Press: ? - help, Shift-Dir - straight line, f/p - slime creature
Aim: a slime creature (lightly wounded, chance to defeat MR: 32%)
The slime creature easily resists.
The slime creature closely misses you.
Evoke which item? (* to show all) (? for menu, Esc to quit)
Aiming: Paralyse
Press: ? - help, Shift-Dir - straight line, f/p - slime creature
Aim: a slime creature (lightly wounded, chance to defeat MR: 32%)
The slime creature easily resists.
The slime creature hits you but does no damage.
Evoke which item? (* to show all) (? for menu, Esc to quit)
Aiming: Paralyse
Press: ? - help, Shift-Dir - straight line, f/p - slime creature
Aim: a slime creature (lightly wounded, chance to defeat MR: 32%)
The slime creature easily resists.
The slime creature hits you!
You die...

###.# #..........#.##.# #.#
###.# #.########.#.##.# #.#
#.#.# #.# #.#.##.# #.# ..#.#
#.# #.#.#..# #.# #.#.# #.#
#.#.#.####.# #.#.# #.#
#.#.#......#
#.#.#######.########.#.########
#.#.........................#
...............>@J...#.####.#
..#####...#........#....#...#
#...# #...####.....#.####.###
#.#.# #...# #.#.....# #.# #.#.#
##### #.#.....####.# #.#.#
###.#.#.....JJ.# #.#.#
######.....#..######## ..#.#
#......#.#.#.........# ###.#
#.###..#.#.##.######.#


You could see a slime creature.

Vanquished Creatures
  The ghost of Karim the Stinger, a novice GnVM of Ashenzari (D:6)
  Joseph (D:7)
  A troll (D:9)
  A slime creature (D:9)
  A hippogriff (D:6)
  Sigmund (D:6)
  6 yaks
  A wyvern (D:7)
  A hungry ghost (D:7)
  A basilisk (D:8)
  The ghost of esteth the Insei, an amateur OpTm of Makhleb (D:5)
  5 porcupines (D:8)
  3 ice beasts
  3 orc warriors
  5 black bears
  2 necrophages
  2 phantoms
  6 ogres
  A wolf (D:8)
  2 crocodiles (D:8)
  2 centaurs (D:7)
  4 bullfrogs
  A gnoll sergeant (D:8)
  2 scorpions (D:9)
  7 wights
  3 howler monkeys
  A centaur zombie (D:7)
  2 crimson imps (D:6)
  2 quasits
  A bullfrog zombie (D:5)
  4 orc priests
  7 hounds
  A bullfrog skeleton (D:8)
  Ijyb (D:3)
  5 iguanas
  8 orc wizards
  4 worker ants
  A hound skeleton (D:8)
  12 gnolls
  9 adders
  3 shadow imps
  4 oozes
  An adder skeleton (D:9)
  6 worms
  A dart slug (D:1)
  9 leopard geckos
  24 orcs
  3 ball pythons
  9 giant cockroaches
  9 goblins
  13 hobgoblins
  11 jackals
  2 quokkas
  5 bats
  6 frilled lizards
  A giant cockroach zombie (D:6)
  4 kobolds
  A quokka zombie (D:5)
  3 rats
237 creatures vanquished.

Vanquished Creatures (others)
  A frilled lizard (D:5)
  2 fungi (D:8)
  6 plants (D:8)
9 creatures vanquished.

Grand Total: 246 creatures vanquished

Notes
Turn   | Place    | Note
-------+----------+-------------------------------------------
     0 | D:1      | Alarkh the Gargoyle Monk began the quest for the Orb.
     0 | D:1      | Reached XP level 1. HP: 14/14 MP: 1/1
    51 | D:1      | Reached skill level 3 in Long Blades
    80 | D:1      | Reached XP level 2. HP: 14/19 MP: 2/2
   335 | D:1      | Reached XP level 3. HP: 21/23 MP: 3/3
   676 | D:2      | Reached skill level 4 in Long Blades
   916 | D:2      | Reached XP level 4. HP: 28/28 MP: 4/4
   990 | D:2      | Found a blossoming altar of Fedhas.
  1221 | D:2      | Found an ornate altar of the Wu Jian Council.
  1221 | D:2      | Found a faded altar of an unknown god.
  1226 | D:2      | Found a snail-covered altar of Cheibriados.
  1228 | D:2      | Found a faded altar of an unknown god.
  1229 | D:2      | Found a shadowy altar of Dithmenos.
  1731 | D:2      | Reached skill level 5 in Long Blades
  1794 | D:3      | Reached XP level 5. HP: 30/32 MP: 5/5
  1944 | D:3      | Noticed Ijyb
  1964 | D:3      | Killed Ijyb
  2794 | D:4      | Found a staircase to the Ecumenical Temple.
  2804 | Temple   | Entered the Ecumenical Temple
  2864 | Temple   | Became a worshipper of Zin the Law-Giver
  2864 | Temple   | Reached * piety under Zin
  2864 | Temple   | Reached ** piety under Zin
  3030 | D:4      | Noticed a phantom
  3057 | D:4      | Reached XP level 6. HP: 29/37 MP: 6/6
  3078 | D:4      | Killed a phantom
  3078 | D:4      | Reached skill level 6 in Long Blades
  3510 | D:4      | Found a sparkling altar of Nemelex Xobeh.
  3512 | D:4      | Reached *** piety under Zin
  3730 | D:5      | Entered Level 5 of the Dungeon
  3772 | D:5      | Noticed an ice beast
  3789 | D:5      | Killed an ice beast
  3789 | D:5      | Reached skill level 7 in Long Blades
  3789 | D:5      | Reached XP level 7. HP: 17/41 MP: 7/7
  3956 | D:5      | Reached skill level 1 in Invocations
  4286 | D:5      | Reached skill level 8 in Long Blades
  4582 | D:5      | Found Lajif's Antique Armour Emporium.
  4646 | D:5      | Noticed esteth's ghost (amateur OpTm)
  4655 | D:5      | Killed esteth's ghost
  4655 | D:5      | Reached XP level 8. HP: 38/46 MP: 8/10
  5148 | D:5      | Found an iron altar of Okawaru.
  5392 | D:6      | Noticed Sigmund
  5413 | D:6      | Killed Sigmund
  5413 | D:6      | Reached skill level 9 in Long Blades
  5477 | D:6      | Noticed Karim's ghost (novice GnVM)
  5953 | D:6      | Reached **** piety under Zin
  6087 | D:6      | Found an opulent altar of Gozag.
  6088 | D:6      | Found Gufar's Assorted Antiques.
  6112 | D:6      | Reached skill level 5 in Invocations
  6112 | D:6      | Reached XP level 9. HP: 43/51 MP: 12/12
  6153 | D:6      | Bought a scroll labeled MYAWAA GEPP for 27 gold pieces
  6153 | D:6      | Bought a scroll labeled MAENOWK TEPNIN for 27 gold pieces
  6153 | D:6      | Bought a fizzy red potion for 24 gold pieces
  6306 | D:6      | Killed Karim's ghost
  6306 | D:6      | Reached skill level 10 in Long Blades
  6735 | D:7      | Noticed Joseph
  7454 | D:7      | Reached skill level 11 in Long Blades
  7504 | D:7      | Found a sacrificial altar of Ru.
  7754 | D:7      | Killed Joseph
  7754 | D:7      | Reached XP level 10. HP: 56/56 MP: 15/15
  8271 | D:8      | Reached ***** piety under Zin
  8409 | D:8      | Reached skill level 12 in Long Blades
  8560 | D:8      | Found a staircase to the Lair.
  8767 | D:8      | Found a hide-covered altar of Uskayaw.
  9035 | D:8      | Reached XP level 11. HP: 13/60 MP: 17/17
  9842 | D:9      | Reached skill level 13 in Long Blades
  9842 | D:9      | Reached skill level 1 in Evocations
 10093 | D:10     | Entered Level 10 of the Dungeon
 10093 | D:10     | Noticed varam's ghost (journeyman HOFi)
 10306 | D:9      | HP: 1/60 [slime creature (12)]
 10420 | D:9      | Slain by a slime creature

Vault maps used:
D:1:      dpeg_arrival_rooms_c
D:2:      fedhas_altar_4, chequers_temple_overflow_minitemple, st_stairs_3,
          minmay_heptomino_w4
D:3:      first_ration, uniq_ijyb
D:4:      nemelex_xobeh_ov_fountains_minmay, minmay_temple_entry_overgrown
D:5:      serial_shops, nicolae_shop_trees, okawaru_altar_gauntlet_db
D:6:      serial_shops, shop, grunt_gozag_breadcrumbs, uniq_sigmund
D:7:      basic_altar, uniq_joseph
D:8:      eat_drink_and_be_merry_uskayaw, minmay_lair_entry_grove
D:10:     serial_shops, nicolae_shop_stone
Temple:   nicolae_temple_x_marks_the_god

Skill      XL: |  1  2  3  4  5  6  7  8  9 10 11 |
---------------+----------------------------------+-----
Long Blades    | 3 4 5 7 8 9 11 12 13 | 13.1
Invocations    | 3 5 7 9 |  9.5
Evocations     | 1 |  1.6
Fighting       | |  3.2
Dodging        | |  2.4
Stealth        | |  2.1

Action                   |  1- 3 |  4- 6 |  7- 9 | 10-12 || total
-------------------------+-------+-------+-------+-------++-------
Melee: Falchion          |   100 |   280 |   452 |       ||   832
       Unarmed           |       |    11 |       |       ||    11
       Great sword       |       |       |    14 |   223 ||   237
Invok: Recite            |       |       |    22 |     7 ||    29
Evoke: Wand              |       |       |     2 |    10 ||    12
  Use: Scroll            |       |     6 |     2 |     4 ||    12
       Potion            |       |     1 |     5 |     7 ||    13
 Stab: Invisible         |       |       |     4 |     1 ||     5
       Confused          |       |       |     2 |     2 ||     4
       Sleeping          |       |       |     1 |     2 ||     3
       Paralysed         |       |       |       |     3 ||     3
  Eat: Chunk             |       |     8 |    12 |     9 ||    29
       Ration            |       |       |     1 |     1 ||     2
Armor: Robe              |    28 |    47 |       |       ||    75
       Leather armour    |       |    57 |   203 |   141 ||   401
Dodge: Dodged            |    62 |   174 |   283 |   144 ||   663
Block: Buckler           |       |     4 |   114 |       ||   118
       Rpst.: Falchion   |    20 |    63 |    80 |       ||   163
       Great sword       |       |       |     2 |    36 ||    38

Table legend:
 A = Spawn XP
 B = Non-spawn XP
 C = Spawn XP percentage of total XP
 D = Spawn monster count
 E = Non-spawn monster count
 F = Spawn count percentage of total count
 G = Total turns spent on level
                    A         B        C        D         E        F      G
               +---------+---------+-------+---------+---------+-------+---------
         Total |       0 |   11199 |   0.0 |       0 |     237 |   0.0 | 10420
               +---------+---------+-------+---------+---------+-------+---------
           D:1 |       0 |      45 |   0.0 |       0 |      17 |   0.0 |   600
           D:2 |       0 |     114 |   0.0 |       0 |      27 |   0.0 |  1184
           D:3 |       0 |     117 |   0.0 |       0 |      25 |   0.0 |   882
           D:4 |       0 |     234 |   0.0 |       0 |      14 |   0.0 |  1427
           D:5 |       0 |    1120 |   0.0 |       0 |      36 |   0.0 |  1435
           D:6 |       0 |    2334 |   0.0 |       0 |      27 |   0.0 |  1898
           D:7 |       0 |    1636 |   0.0 |       0 |      26 |   0.0 |   669
           D:8 |       0 |    2859 |   0.0 |       0 |      37 |   0.0 |  1018
           D:9 |       0 |    2603 |   0.0 |       0 |      27 |   0.0 |  1110
          D:10 |       0 |     137 |   0.0 |       0 |       1 |   0.0 |   130
               +---------+---------+-------+---------+---------+-------+---------
